 Dungeon Crawl Stone Soup version 0.21.1-1-g345015f (webtiles) character file.

13831 infcreate the Severer (level 11, -3/100 HPs)
             Began as a Minotaur Fighter on May 29, 2018.
             Was a Priest of Trog.
             Slain by a two-headed ogre
             ... wielding a +2 great mace of flaming
              (8 damage)
             ... in a volcano.
             The game lasted 00:53:59 (10444 turns).

infcreate the Severer (Minotaur Fighter)           Turns: 10444, Time: 00:54:01

Health: -3/100     AC: 20    Str: 24    XL:     11   Next: 80%
Magic:  10/10      EV:  8    Int:  5    God:    Trog [***...]
Gold:   721        SH: 14    Dex: 10    Spells: 10/10 levels left

rFire    . . .     SeeInvis .   n - +0 war axe (flame)
rCold    . . .     Gourm    .   q - +2 shield
rNeg     . . .     Faith    .   w - +1 plate armour
rPois    .         Spirit   .   H - +2 hat
rElec    .         Reflect  .   y - scarf {cloud immunity}
rCorr    .         Harm     .   D - +0 pair of gloves (curse)
MR       .....                  B - +0 pair of boots
Stlth    ..........             (no amulet)
HPRegen  0.26/turn              u - +2 ring of evasion
MPRegen  0.12/turn              x - ring of flight

@: berserk cooldown, slowed, very slow
A: retaliatory headbutt, horns 2
a: Berserk, Trog's Hand, Burn Spellbooks, Renounce Religion, Evoke Flight


You were in a volcano.
You worshipped Trog.
Trog was most pleased with you.
You were near starving.

You visited 3 branches of the dungeon, and saw 13 of its levels.
You also visited: Sewer and Volcano.

You collected 721 gold pieces.

Inventory:

Hand Weapons
 n - a +0 war axe of flaming (weapon)
Armour
 a - a +0 cloak
 q - a +2 shield (worn)
 w - a +1 plate armour (worn)
 y - a scarf of cloud immunity (worn)
 B - a +0 pair of boots (worn)
 D - a cursed +0 pair of gloves (worn)
 H - a +2 hat (worn)
Jewellery
 u - a +2 ring of evasion (left hand)
 x - a ring of flight (right hand)
Scrolls
 b - 2 scrolls of random uselessness {unknown}
 e - 4 scrolls of teleportation
 h - 2 scrolls of magic mapping
 i - 2 scrolls of enchant armour
 m - 6 scrolls of identify
 o - a scroll of noise {unknown}
 p - 3 scrolls of blinking
 r - a scroll of fog {unknown}
 v - 2 scrolls of fear {unknown}
 A - a scroll of immolation {unknown}
 E - 3 scrolls of remove curse
 G - a scroll of torment {unknown}
Potions
 c - a potion of curing
 d - a potion of brilliance {unknown}
 g - 3 potions of heal wounds {unknown}
 j - 4 potions of degeneration {unknown}
 k - 2 potions of resistance {unknown}
 l - 2 potions of mutation {unknown}
 s - a potion of magic {unknown}
 t - a potion of flight {unknown}
 z - 2 potions of ambrosia {unknown}
 C - a potion of haste {unknown}
Books
 F - a book of Minor Magic

   Spells                             Type                      Level
   a - Magic Dart                     Conjuration                  1
   b - Blink                          Translocation                2
   c - Call Imp                       Summoning                    2
   d - Slow                           Hexes                        2
   e - Conjure Flame                  Conjuration/Fire             3
   f - Mephitic Cloud                 Conjuration/Poison/Air       3
   Trog disapproves of the use of such an item.
Comestibles
 f - 28 rations


   Skills:
 + Level 10.2 Fighting
 + Level 15.0 Axes
 + Level 10.0 Armour
 + Level 10.9 Shields


You had 10 spell levels left.
You didn't know any spells.

Dungeon Overview and Level Annotations

Branches:
Dungeon (10/15)            Temple (1/1) D:7            Lair (2/6) D:10
  Swamp: Lair:2-4    Shoals: Lair:2-4     Snake: Lair:2-4    Spider: Lair:2-4
    Orc: D:9-12

Altars:
Ashenzari
Cheibriados
Dithmenos
Elyvilon
Fedhas
Gozag
Hepliaklqana
Kikubaaqudgha
Makhleb
Nemelex Xobeh
Okawaru
Qazlal
Ru
Sif Muna
Trog
Uskayaw
Vehumet
Wu Jian
Xom
Yredelemnul
Zin
The Shining One

Shops:
D:5 :   D:7 [   D:8 (

Annotations:
D:5 2 transporters


Innate Abilities, Weirdness & Mutations

You reflexively headbutt those who attack you in melee.
You have a pair of horns on your head.


Message History

You feel yourself slow down.
The two-headed ogre hits you but does no damage. x2
You can move again.
The sentinel's mark upon you fades away.
There is an open door here.
You hit the two-headed ogre. You burn the two-headed ogre.
The two-headed ogre is lightly wounded.
You block the two-headed ogre's attack.
The two-headed ogre hits you with a giant club of flaming.
* * * LOW HITPOINT WARNING * * *
The two-headed ogre burns you.
* * * LOW HITPOINT WARNING * * *
You slash the two-headed ogre! You burn the two-headed ogre.
The two-headed ogre is heavily wounded.
The salamander hits you from afar with a glaive.
* * * LOW HITPOINT WARNING * * *
You are engulfed in flames!
* * * LOW HITPOINT WARNING * * *
The two-headed ogre hits you with a great mace of flaming!
You die...

≈≈≈≈ #### ≈≈≈≈≈
##∩∩# ≈≈≈≈≈≈≈
#.#### ≈≈≈≈≈≈≈
##..@##≈≈≈≈≈≈≈
≈######O#≈≈≈≈≈≈≈
§......N..≈≈≈≈≈≈
...........≈≈≈≈≈
...####..≈§≈≈≈≈≈
§§ ##O..≈≈≈≈≈
#)§≈≈≈≈≈≈
'.≈.≈≈≈≈≈
.#§.≈≈≈≈≈≈


You could see a salamander and 2 two-headed ogres.

Vanquished Creatures
  3 two-headed ogres
  Pikel (D:7)
  2 deep elf magi (D:9)
  A salamander (Volcano)
  A black mamba (Lair:2)
  The ghost of empire the Slasher, a novice MiFi of Cheibriados (D:5)
  2 trolls (D:10)
  Prince Ribbit (D:8)
  Grinder (D:5)
  A hippogriff (Lair:1)
  Sigmund (D:2)
  A wyvern (D:8)
  18 yaks
  2 fire bats (Volcano)
  Edmund (D:5)
  A water moccasin (Lair:1)
  A hell hound (Volcano)
  2 porcupines (Lair:1)
  A swamp drake (D:9)
  Purgy (Sewer)
  2 slaves (D:7)
  3 ice beasts
  A sky beast (D:5)
  4 orc warriors
  6 ogres
  3 wolves (Lair:1)
  3 crocodiles
  2 centaurs
  A big kobold (D:9)
  5 bullfrogs
  Blork the orc (D:6)
  A gnoll sergeant (D:9)
  A scorpion (D:5)
  11 killer bees
  3 howler monkeys (D:9)
  4 crimson imps
  A bullfrog zombie (D:9)
  3 jellies (D:8)
  7 orc priests
  6 hounds
  An iron imp (D:9)
  Crazy Yiuf (D:6)
  A bullfrog skeleton (D:4)
  3 centaur skeletons
  8 orc wizards
  Ijyb (D:4)
  Terence (D:2)
  4 iguanas
  11 worker ants
  2 hell rats (Lair:1)
  3 gnolls (D:9)
  11 adders
  9 river rats
  A shadow imp (D:9)
  A white imp (D:9)
  5 oozes (D:8)
  3 worms
  2 dart slugs
  8 leopard geckos
  36 orcs
  5 bats (D:2)
  6 giant cockroaches
  8 goblins
  10 hobgoblins
  13 jackals
  16 kobolds
  5 ball pythons
  9 frilled lizards
  10 rats
  A fungus (Lair:1)
306 creatures vanquished.

Vanquished Creatures (others)
  A slave (D:7)
  An orc wizard (D:9)
  An orc (D:9)
3 creatures vanquished.

Grand Total: 309 creatures vanquished

Notes
Turn   | Place    | Note
-------+----------+-------------------------------------------
     0 | D:1      | infcreate the Minotaur Fighter began the quest for the Orb.
     0 | D:1      | Reached XP level 1. HP: 19/19 MP: 0/0
    95 | D:1      | Reached XP level 2. HP: 17/27 MP: 1/1
   642 | D:2      | Reached skill level 3 in Axes
   642 | D:2      | Reached XP level 3. HP: 33/33 MP: 2/2
   647 | D:2      | Noticed Terence
   653 | D:2      | Killed Terence
   691 | D:2      | Reached XP level 4. HP: 35/40 MP: 3/3
   900 | D:2      | Reached skill level 4 in Axes
   950 | D:2      | Noticed Sigmund
   959 | D:2      | Killed Sigmund
   959 | D:2      | Reached skill level 5 in Axes
   959 | D:2      | Reached XP level 5. HP: 33/47 MP: 4/4
  1093 | D:2      | Reached skill level 5 in Shields
  1196 | D:2      | Found an opulent altar of Gozag.
  1316 | D:3      | Reached XP level 6. HP: 51/53 MP: 5/5
  1487 | D:3      | Found a shadowy altar of Dithmenos.
  1678 | D:3      | Reached skill level 6 in Axes
  2145 | D:4      | Reached skill level 5 in Armour
  2184 | D:4      | Found a glowing drain.
  2192 | D:4      | Reached XP level 7. HP: 51/60 MP: 6/6
  2210 | Sewer    | Entered a sewer
  2273 | Sewer    | Noticed Purgy
  2285 | Sewer    | Killed Purgy
  2285 | Sewer    | Reached skill level 5 in Fighting
  2285 | Sewer    | Reached skill level 7 in Axes
  2765 | D:4      | Reached skill level 8 in Axes
  3056 | D:4      | Noticed Ijyb
  3068 | D:4      | Killed Ijyb
  3248 | D:4      | Reached XP level 8. HP: 56/68 MP: 7/7
  3285 | D:5      | Entered Level 5 of the Dungeon
  3285 | D:5      | Noticed Edmund
  3295 | D:5      | Killed Edmund
  3387 | D:5      | Noticed empire's ghost (novice MiFi)
  3396 | D:5      | Killed empire's ghost
  3396 | D:5      | Reached skill level 9 in Axes
  3405 | D:5      | Reached skill level 10 in Axes
  3513 | D:5      | Noticed Grinder
  3513 | D:5      | Paralysed by Grinder for 2 turns
  3519 | D:5      | Killed Grinder
  3519 | D:5      | Reached XP level 9. HP: 75/75 MP: 8/8
  3690 | D:5      | Found an iron altar of Okawaru.
  3770 | D:5      | Found a transporter.
  3770 | D:5      | Found a transporter.
  3774 | D:5      | Found a stormy altar of Qazlal.
  3774 | D:5      | Found an ancient bone altar of Kikubaaqudgha.
  3776 | D:5      | Noticed a two-headed ogre
  3934 | D:5      | Found Nagolec's Book Shop.
  4187 | D:6      | Noticed Blork the orc
  4208 | D:6      | Killed Blork the orc
  4341 | D:6      | Reached skill level 11 in Axes
  4374 | D:6      | Found a deep blue altar of Sif Muna.
  4381 | D:6      | Found a radiant altar of Vehumet.
  4382 | D:6      | Found a burning altar of Makhleb.
  4385 | D:6      | Found a shimmering altar of Xom.
  4520 | D:6      | Found a runed door.
  4524 | D:6      | Noticed Crazy Yiuf
  4527 | D:6      | Killed Crazy Yiuf
  4774 | D:6      | Found a hide-covered altar of Uskayaw.
  4774 | D:6      | Found a glowing silver altar of Zin.
  5003 | D:7      | Found a staircase to the Ecumenical Temple.
  5021 | Temple   | Entered the Ecumenical Temple
  5079 | Temple   | Became a worshipper of Trog the Wrathful
  5104 | D:7      | Found a white marble altar of Elyvilon.
  5176 | D:7      | You fall through a shaft!
  5339 | D:8      | Noticed Prince Ribbit
  5489 | D:8      | Noticed a two-headed ogre
  5539 | D:8      | Found a sacrificial altar of Ru.
  5563 | D:8      | Killed a two-headed ogre
  5563 | D:8      | Reached skill level 12 in Axes
  5563 | D:8      | Reached XP level 10. HP: 31/86 MP: 9/9
  5813 | D:8      | Found an ancient bone altar of Kikubaaqudgha.
  5868 | D:8      | Found Zutz's Antique Weapon Boutique.
  6072 | D:7      | Noticed Pikel
  6119 | D:7      | Killed Pikel
  6545 | D:7      | Found Qosasm's Armour Shoppe.
  6697 | D:8      | Killed Prince Ribbit
  7264 | D:9      | Reached * piety under Trog
  7430 | D:9      | Reached skill level 13 in Axes
  7821 | D:9      | Reached ** piety under Trog
  7919 | D:9      | Noticed a deep elf mage
  7927 | D:9      | Killed a deep elf mage
  7927 | D:9      | Reached XP level 11. HP: 52/97 MP: 10/10
  8084 | D:9      | Noticed a deep elf mage
  8089 | D:9      | Killed a deep elf mage
  8436 | D:10     | Entered Level 10 of the Dungeon
  8442 | D:10     | Reached skill level 14 in Axes
  8716 | D:10     | Found a blossoming altar of Fedhas.
  8846 | D:10     | Noticed a two-headed ogre
  8860 | D:10     | Killed a two-headed ogre
  8860 | D:10     | Reached skill level 10 in Shields
  9295 | D:10     | Found a staircase to the Lair.
  9558 | Lair:1   | Entered Level 1 of the Lair of Beasts
  9613 | Lair:1   | Reached *** piety under Trog
 10352 | Lair:2   | Reached skill level 10 in Fighting
 10368 | Lair:2   | Found a deep blue altar of Sif Muna.
 10394 | Lair:2   | Found a dark tunnel.
 10402 | Volcano  | Entered a volcano
 10413 | Volcano  | Noticed a two-headed ogre
 10424 | Volcano  | Noticed a two-headed ogre
 10429 | Volcano  | Noticed a two-headed ogre
 10434 | Volcano  | Killed a two-headed ogre
 10434 | Volcano  | Reached skill level 15 in Axes
 10434 | Volcano  | Reached skill level 10 in Armour
 10444 | Volcano  | HP: 5/100 [salamander/glaive (8)]
 10444 | Volcano  | Slain by a two-headed ogre

Skill      XL: |  1  2  3  4  5  6  7  8  9 10 11 |
---------------+----------------------------------+-----
Armour         | 4 5 6 7 8 10 | 10.0
Fighting       | 4 5 7 9 10 | 10.2
Shields        | 4 5 7 8 9 10 | 10.9
Axes           | 3 5 6 8 10 12 13 15 | 15.0

Action                   |  1- 3 |  4- 6 |  7- 9 | 10-12 || total
-------------------------+-------+-------+-------+-------++-------
Melee: War axe           |    68 |   142 |   290 |   402 ||   902
       Headbutt          |    14 |    22 |    45 |    73 ||   154
Invok: Burn Spellbooks   |       |       |     1 |     1 ||     2
       Berserk           |       |       |       |     2 ||     2
  Use: Scroll            |     4 |     1 |     4 |     3 ||    12
       Potion            |       |       |     3 |       ||     3
  Eat: Chunk             |       |     4 |     8 |     9 ||    21
       Ration            |       |       |     1 |     2 ||     3
Armor: Scale mail        |    28 |    37 |       |       ||    65
       Chain mail        |       |    15 |    48 |       ||    63
       Plate armour      |       |       |    41 |   125 ||   166
Dodge: Dodged            |    17 |    41 |    71 |    90 ||   219
Block: Shield            |    39 |    67 |   145 |   220 ||   471
